 Dungeon Crawl Stone Soup version 0.21.1-1-g345015f (webtiles) character file.

162893 letownia2 the Phalangite (level 17, -8/138 HPs)
             Began as a Merfolk Gladiator on Feb 13, 2018.
             Was the Champion of Trog.
             Mangled by the Enchantress
             ... wielding a +2 vampiric rapier
              (11 damage)
             ... on level 3 of the Depths.
             The game lasted 01:10:03 (11365 turns).

letownia2 the Phalangite (Merfolk Gladiator)       Turns: 11365, Time: 01:10:03

Health: -8/138     AC: 35    Str: 22    XL:     17   Next: 52%
Magic:  20/20      EV: 20    Int:  8    God:    Trog [******]
Gold:   351        SH:  0    Dex: 17    Spells: 16/16 levels left

rFire    + . .     SeeInvis .   a - +9 bardiche (vamp)
rCold    + . .     Gourm    .   (shield currently unavailable)
rNeg     + . .     Faith    .   K - +9 plate armour "Baqa" {rC+ Str+3}
rPois    +         Spirit   .   G - +2 helmet "Ofaniob" {rPois rF+}
rElec    .         Reflect  .   (no cloak)
rCorr    .         Harm     .   O - +3 pair of gauntlets of War {Slay+5}
MR       +++..                  I - +2 pair of boots
Stlth    ..........             j - amulet of regeneration
HPRegen  1.73/turn              w - +4 ring of evasion
MPRegen  0.17/turn              y - ring of positive energy

@: berserk cooldown, regenerating, slowed, very slow
A: change form in water, swift swim, stealthy swim
}: 1/15 runes: serpentine
a: Berserk, Trog's Hand, Brothers in Arms, Burn Spellbooks, Renounce Religion


You were on level 3 of the Depths.
You worshipped Trog.
Trog was exalted by your worship.
You were very hungry.

You visited 5 branches of the dungeon, and saw 28 of its levels.
You also visited: Volcano.

You collected 2240 gold pieces.
You spent 1889 gold pieces at shops.

Inventory:

Hand Weapons
 a - a +9 vampiric bardiche (weapon)
 c - a +1 blowgun
 F - a +4 antimagic halberd
Missiles
 l - 8 curare-tipped needles
 D - a throwing net
 M - 7 javelins (quivered)
Armour
 g - the -3 cloak "Ighinleil" {-Cast rPois rN+ Str+2}
   (You bought it in a shop on level 2 of the Orcish Mines)

   It affects your strength (+2).
   It protects you from poison.
   It protects you from negative energy.
   It prevents spellcasting.
 A - the +3 ring mail of Huenewi {rElec Regen+ Stlth+}
   (You found it on level 9 of the Dungeon)

   It insulates you from electricity.
   It increases your rate of regeneration.
   It makes you more stealthy.
 G - the +2 helmet "Ofaniob" (worn) {rPois rF+}
   (You found it in a volcano)

   It protects you from fire.
   It protects you from poison.
 I - a +2 pair of boots (worn)
 K - the +9 plate armour "Baqa" (worn) {rC+ Str+3}
   (You found it on level 10 of the Dungeon)

   It affects your strength (+3).
   It protects you from cold.
 N - +0 ice dragon scales
 O - the +3 pair of gauntlets of War (worn) {Slay+5}
   (You bought it in a shop on level 9 of the Dungeon)

   It affects your accuracy and damage with ranged weapons and melee attacks
   (+5).
 V - a +0 hat of magic resistance
Jewellery
 h - a +4 ring of protection
 j - an amulet of regeneration (around neck)
 t - an uncursed ring of resist corrosion
 w - a +4 ring of evasion (left hand)
 x - an uncursed ring of poison resistance
 y - a ring of positive energy (right hand)
Wands
 B - a wand of clouds (5)
 P - a wand of random effects (19)
 R - a wand of disintegration (22)
 X - a wand of flame (14)
Scrolls
 d - a scroll of holy word
 m - 7 scrolls of remove curse
 n - 3 scrolls of blinking
 r - a scroll of enchant weapon
 v - a scroll of silence
 C - 4 scrolls of magic mapping
 H - 2 scrolls of identify
 U - 3 scrolls of teleportation
Potions
 e - a potion of invisibility
 i - 3 potions of agility
 k - 2 potions of resistance
 o - 3 potions of brilliance
 p - 4 potions of curing
 u - a potion of lignification
 z - 2 potions of flight
 E - 3 potions of might
 J - a potion of magic
 L - a potion of heal wounds
 S - 2 potions of berserk rage
 Y - a potion of haste
 Z - a potion of cancellation
Books
 Q - a book of Minor Magic

   Spells                             Type                      Level
   a - Magic Dart                     Conjuration                  1
   b - Blink                          Translocation                2
   c - Call Imp                       Summoning                    2
   d - Slow                           Hexes                        2
   e - Conjure Flame                  Conjuration/Fire             3
   f - Mephitic Cloud                 Conjuration/Poison/Air       3
   Trog disapproves of the use of such an item.
Miscellaneous
 b - a fan of gales
 s - a phantom mirror
Comestibles
 f - 23 rations
 q - 3 chunks of flesh


   Skills:
 + Level 13.7 Fighting
 + Level 26.2 Polearms
 - Level 2.3 Throwing
 + Level 11.0 Armour
 + Level 15.8 Dodging
 - Level 4.2 Evocations


You had 16 spell levels left.
You didn't know any spells.

Dungeon Overview and Level Annotations

Branches:
Dungeon (15/15)              Lair (4/6) D:8           Swamp (0/4) Lair:4
  Snake (4/4) Lair:4          Orc (2/2) D:12            Elf (0/3) Orc:2
 Vaults (0/5) D:13         Depths (3/5) D:15
 Temple: D:4-7

Altars:
Kikubaaqudgha
Okawaru
Ru
Trog
Uskayaw
Xom
Yredelemnul

Shops:
D:9 [![   D:10 [   D:11 }   Orc:1 %[*(   Orc:2 *%*=

Portals:
Pandemonium: Depths:3
Trove: D:12 (give +3 storm dragon scales)
Ossuary: D:4

Annotations:
D:3 Grinder
Depths:3 Sojobo, the Enchantress


Message History

The tengu reaver resists with almost no effort.
The meliai looks frightened!
The deep troll earth mage looks frightened!
The deep troll looks frightened! x2
The spriggan defender hits you with a lajatang of electrocution!!
* * * LOW HITPOINT WARNING * * *
The spriggan berserker closely misses you.
Cornered, the meliai turns to fight!
Something hits you!!
* * * LOW HITPOINT WARNING * * *
The spriggan defender misses you.
The spriggan defender completely misses you.
The tengu reaver mumbles some strange words.
The tengu reaver conjures a globe of magical energy!
The spriggan berserker closely misses you.
The spriggan howls in fear.
The spriggan air mage waves its arms in wide circles.
The air twists around and strikes you!
* * * LOW HITPOINT WARNING * * *
Something hits you!
You die...

#. .# #. .# #. .#
#.#####.#####
#............
##...D....###
#.{.T....#
#i@i.....#
#yiiQ....#
c*........#
#.#......i..# #
i#TQT.i...#
C.>...........
####T..###...D...
#Q..# ....... #.
.......


You could see Sojobo, an ice dragon (fleeing), a stone giant, 2 tengu reavers, 2
spriggan defenders, a spriggan rider (fleeing), a centaur warrior (fleeing), 3
deep trolls, a spriggan berserker (berserk), a spriggan air mage, a deep troll
earth mage (fleeing), 2 spriggans, a meliai and a battlesphere.

Vanquished Creatures
  Gastronok (Lair:3)
  A tengu reaver (Depths:1)
  Kirke (Snake:4)
  7 nagarajas
  A frost giant (Depths:1)
  2 fire giants
  An orc warlord (Orc:1)
  2 spriggan defenders
  2 stone giants
  A juggernaut skeleton (Depths:1)
  3 ettins
  2 fire dragons
  A great orb of eyes (Depths:3)
  17 naga warriors
  3 rakshasas
  A yaktaur captain (Depths:1)
  Erolcha (Orc:2)
  2 ice dragons
  2 hydras
  A death knight (D:13)
  2 spriggan air magi
  A centaur warrior (D:13)
  A dancing weapon (Volcano)
  10 anacondas
  5 tengu warriors
  2 ogre magi (Depths:1)
  3 orc high priests (Orc:2)
  9 two-headed ogres
  2 deep troll earth magi (Depths:2)
  A vampire mage (Depths:1)
  2 deep troll shamans (Depths:2)
  5 shock serpents
  Urug (D:10)
  11 naga sharpshooters
  A spriggan berserker (Depths:1)
  Sonja (Orc:2)
  2 spriggans (Depths:1)
  4 salamander mystics
  2 deep trolls (Depths:2)
  6 wizards
  9 naga ritualists (Snake:4)
  A golden dragon skeleton (Depths:1)
  A necromancer (Depths:1)
  11 salamanders
  4 orc sorcerers
  A salamander (shapeshifter) (D:13)
  3 mana vipers
  4 orc knights (Orc:2)
  4 cyclopes
  A manticore (D:13)
  A fire giant zombie (Depths:1)
  4 elephants (Lair:3)
  5 toenail golems (Volcano)
  22 naga magi
  17 black mambas
  2 guardian serpents (Snake:4)
  Psyche (D:11)
  A gargoyle (D:11)
  3 spiny frogs (Lair:4)
  A spriggan skeleton (Depths:1)
  A komodo dragon (D:15)
  An efreet (D:10)
  2 yaktaurs
  A tengu conjurer (Depths:1)
  4 trolls
  2 freezing wraiths (D:13)
  A queen bee (D:8)
  3 hornets
  A wind drake (shapeshifter) (Depths:1)
  12 hippogriffs
  5 blink frogs (Lair:4)
  5 slime creatures (D:15)
  A hippogriff (shapeshifter) (D:14)
  A spriggan (shapeshifter) (Depths:1)
  A shadow (D:12)
  8 yaks
  6 water elementals (Depths:1)
  2 wraiths
  3 hogs (Snake:4)
  A basilisk (Lair:3)
  2 hungry ghosts
  4 wargs
  37 nagas
  Menkaure (D:7)
  4 water moccasins
  2 porcupines
  2 ice beasts
  5 sky beasts
  24 orc warriors
  3 black bears
  3 boggarts (Depths:1)
  8 necrophages
  A hornet zombie (D:8)
  7 ogres
  2 phantoms
  An eye of draining (D:13)
  7 centaurs
  7 crocodiles
  14 bullfrogs
  3 big kobolds
  A scorpion (D:8)
  2 wyvern skeletons
  A water moccasin skeleton (D:8)
  21 killer bees
  4 electric eels (Lair:4)
  4 howler monkeys
  A jelly (D:9)
  A centaur zombie (D:11)
  6 crimson imps
  3 hounds
  5 centaur skeletons
  17 orc priests
  4 bullfrog skeletons
  Terence (D:2)
  Jessica (D:2)
  An iguana (D:9)
  Natasha (D:3)
  22 orc wizards
  13 worker ants
  3 hound skeletons
  3 gnolls (D:10)
  6 adders
  2 shadow imps (D:9)
  2 oozes (D:7)
  An adder zombie (D:8)
  An adder skeleton (D:7)
  A dart slug (D:1)
  2 worms
  2 leopard geckos
  64 orcs
  A bat (D:1)
  2 giant cockroaches
  6 goblins
  4 hobgoblins
  4 jackals (D:7)
  17 kobolds
  2 quokkas (D:7)
  A frilled lizard (D:3)
  3 rats
653 creatures vanquished.

Vanquished Creatures (others)
  A salamander (Snake:4)
  A black mamba (Snake:4)
  2 humans (Snake:4)
  An ogre (Depths:1)
  A boggart (Depths:1)
  A bullfrog zombie (D:10)
  13 plants (Depths:1)
20 creatures vanquished.

Grand Total: 673 creatures vanquished

Notes
Turn   | Place    | Note
-------+----------+-------------------------------------------
     0 | D:1      | letownia2 the Merfolk Gladiator began the quest for the Orb.
     0 | D:1      | Reached XP level 1. HP: 16/16 MP: 1/1
   116 | D:2      | Reached XP level 2. HP: 19/22 MP: 2/2
   122 | D:2      | Noticed Jessica
   126 | D:2      | Killed Jessica
   126 | D:2      | Reached skill level 5 in Polearms
   126 | D:2      | Reached skill level 5 in Dodging
   126 | D:2      | Reached XP level 3. HP: 25/28 MP: 3/3
   162 | D:3      | Noticed Grinder
   167 | D:3      | Paralysed by Grinder for 2 turns
   246 | D:3      | Noticed Natasha
   246 | D:3      | Noticed Terence
   277 | D:2      | Killed Terence
   277 | D:2      | Reached XP level 4. HP: 25/34 MP: 4/4
   322 | D:3      | Killed Natasha
   347 | D:3      | Reached skill level 6 in Polearms
   442 | D:3      | Found a bloodstained altar of Trog.
   479 | D:3      | Became a worshipper of Trog the Wrathful
   635 | D:4      | Found a sand-covered staircase.
   644 | D:5      | Entered Level 5 of the Dungeon
   734 | D:5      | Noticed a sky beast
   745 | D:5      | Reached XP level 5. HP: 34/39 MP: 5/5
   768 | D:5      | Killed a sky beast
   768 | D:5      | Reached skill level 8 in Polearms
   802 | D:5      | Reached XP level 6. HP: 34/46 MP: 6/6
   888 | D:6      | Found an iron altar of Okawaru.
   940 | D:6      | Noticed a sky beast
   962 | D:6      | Killed a sky beast
   962 | D:6      | Reached skill level 9 in Polearms
   994 | D:6      | Reached skill level 10 in Polearms
   994 | D:6      | Reached XP level 7. HP: 41/51 MP: 7/7
  1197 | D:7      | Noticed a hippogriff
  1198 | D:7      | Reached * piety under Trog
  1215 | D:7      | Killed a hippogriff
  1215 | D:7      | Reached XP level 8. HP: 56/61 MP: 8/8
  1246 | D:7      | Found an ancient bone altar of Kikubaaqudgha.
  1292 | D:7      | Reached skill level 5 in Fighting
  1337 | D:7      | Noticed Menkaure
  1345 | D:7      | Killed Menkaure
  1475 | D:7      | Reached ** piety under Trog
  1559 | D:8      | Reached skill level 11 in Polearms
  1589 | D:8      | Found a staircase to the Lair.
  1697 | D:9      | Reached skill level 12 in Polearms
  1703 | D:9      | Noticed a two-headed ogre
  1722 | D:9      | Reached XP level 9. HP: 60/68 MP: 9/9
  1728 | D:9      | Killed a two-headed ogre
  1728 | D:9      | Reached skill level 13 in Polearms
  1763 | D:9      | Found Eczij's Distillery.
  1763 | D:9      | Found Miecsyze's Antique Armour Shoppe.
  1800 | D:9      | Reached skill level 14 in Polearms
  1853 | D:9      | Bought a potion of curing for 39 gold pieces
  1853 | D:9      | Bought a potion of lignification for 39 gold pieces
  1955 | D:9      | Noticed a troll
  1977 | D:9      | Killed a troll
  1977 | D:9      | Reached skill level 15 in Polearms
  2051 | D:8      | Reached *** piety under Trog
  2149 | D:8      | Noticed a queen bee
  2171 | D:8      | Reached skill level 1 in Armour
  2171 | D:8      | Reached XP level 10. HP: 67/75 MP: 10/10
  2268 | D:8      | Received a gift from Trog
  2555 | D:9      | Got a distressingly furry ring mail
  2566 | D:9      | Identified the +3 ring mail of Huenewi {rElec Regen+ Stlth+} (You found it on level 9 of the Dungeon)
  2657 | D:10     | Entered Level 10 of the Dungeon
  2657 | D:10     | Noticed a two-headed ogre
  2670 | D:10     | Killed a two-headed ogre
  2670 | D:10     | Reached skill level 10 in Dodging
  2809 | D:10     | You fall through a shaft for 3 floors!
  3006 | D:12     | Reached XP level 11. HP: 82/87 MP: 11/11
  3024 | D:12     | Noticed a two-headed ogre
  3053 | D:12     | Killed a two-headed ogre
  3053 | D:12     | Reached skill level 16 in Polearms
  3071 | D:12     | Found a hide-covered altar of Uskayaw.
  3073 | D:12     | Noticed a cyclops
  3104 | D:12     | Killed a cyclops
  3167 | D:11     | Found Oxeen's Gadget Boutique.
  3278 | D:11     | Reached **** piety under Trog
  3327 | D:11     | Noticed Psyche
  3329 | D:11     | Noticed a cyclops
  3340 | D:11     | Killed Psyche
  3340 | D:11     | Reached skill level 17 in Polearms
  3347 | D:11     | Killed a cyclops
  3432 | D:10     | Received a gift from Trog
  3463 | D:10     | Noticed Urug
  3465 | D:10     | Got a translucent plate armour
  3478 | D:10     | Killed Urug
  3478 | D:10     | Reached skill level 1 in Evocations
  3519 | D:10     | Found Jolaf's Antique Armour Boutique.
  3539 | D:10     | Identified the +9 plate armour "Baqa" {rC+ Str+3} (You found it on level 10 of the Dungeon)
  3876 | D:9      | Found Nienoom's Armour Boutique.
  4096 | D:10     | Got a distressingly furry chain mail
  4266 | D:11     | Reached skill level 5 in Armour
  4341 | D:11     | Reached XP level 12. HP: 94/94 MP: 15/15
  4604 | D:10     | Identified the cursed +1 chain mail of Resonance {rC+} (You found it on level 10 of the Dungeon)
  4778 | D:12     | Found a portal to a secret trove of treasure.
  5056 | D:12     | Reached ***** piety under Trog
  5110 | D:12     | Found a staircase to the Orcish Mines.
  5119 | Orc:1    | Entered Level 1 of the Orcish Mines
  5119 | Orc:1    | Found Luuhutto's Antique Weapon Boutique.
  5172 | Orc:1    | Found Waplodumn's Assorted Antiques.
  5230 | Orc:2    | Entered Level 2 of the Orcish Mines
  5271 | Orc:2    | Noticed Sonja
  5284 | Orc:2    | Killed Sonja
  5284 | Orc:2    | Reached skill level 18 in Polearms
  5346 | Orc:2    | Found a staircase to the Elven Halls.
  5434 | Orc:2    | Found a dark tunnel.
  5445 | Volcano  | Entered a volcano
  5465 | Volcano  | Paralysed by a wizard for 4 turns
  5494 | Volcano  | Received a gift from Trog
  5572 | Volcano  | Reached skill level 19 in Polearms
  5676 | Volcano  | Got a distressingly furry helmet
  5746 | Orc:2    | Identified the +2 helmet "Ofaniob" {rPois rF+} (You found it in a volcano)
  5783 | Orc:2    | Noticed Erolcha
  5796 | Orc:2    | Killed Erolcha
  5813 | Orc:2    | Noticed a stone giant
  5831 | Orc:2    | Killed a stone giant
  5831 | Orc:2    | Reached XP level 13. HP: 101/101 MP: 16/16
  5847 | Orc:2    | Received a gift from Trog
  6145 | Orc:2    | Reached skill level 20 in Polearms
  6155 | Orc:2    | HP: 1/151 [orc warrior/battleaxe (32)]
  6239 | Orc:2    | Found Ytaph's Jewellery Shop.
  6239 | Orc:2    | Found Areos's Assorted Antiques.
  6242 | Orc:2    | Found Lewuebecw's Food Emporium.
  6242 | Orc:2    | Found Egakuy's General Store.
  6248 | Orc:2    | Bought a spiked cloak for 266 gold pieces
  6248 | Orc:2    | Bought a sedimented sapphire potion for 25 gold pieces
  6253 | Orc:2    | Identified the -3 cloak "Ighinleil" {-Cast rPois rN+ Str+2} (You bought it in a shop on level 2 of the Orcish Mines)
  6435 | Orc:1    | Noticed an orc warlord
  6454 | Orc:1    | Killed an orc warlord
  6459 | Orc:1    | Reached skill level 21 in Polearms
  6577 | Orc:1    | Found Tiunu Ebunn's Food Shoppe.
  6592 | Orc:1    | Found Zal Witt's Antique Armour Shop.
  6828 | Lair:1   | Entered Level 1 of the Lair of Beasts
  6837 | Lair:1   | Received a gift from Trog
  7159 | Lair:3   | Noticed Gastronok
  7168 | Lair:3   | Killed Gastronok
  7178 | Lair:3   | Reached skill level 22 in Polearms
  7492 | Lair:4   | Reached XP level 14. HP: 108/108 MP: 17/17
  7526 | Lair:4   | Found a staircase to the Swamp.
  7693 | Lair:4   | Found a staircase to the Snake Pit.
  7704 | Snake:1  | Entered Level 1 of the Snake Pit
  7729 | Snake:1  | Reached skill level 23 in Polearms
  7770 | Snake:1  | Received a gift from Trog
  7987 | Snake:2  | Noticed a nagaraja
  7987 | Snake:2  | Noticed a nagaraja
  7996 | Snake:2  | Killed a nagaraja
  7996 | Snake:2  | Reached skill level 24 in Polearms
  8002 | Snake:2  | Killed a nagaraja
  8145 | Snake:3  | Noticed a nagaraja
  8159 | Snake:3  | Killed a nagaraja
  8436 | D:9      | Bought the +3 pair of gauntlets of War {Slay+5} for 1520 gold pieces
  8436 | D:9      | Found the +3 pair of gauntlets of War {Slay+5}
  8600 | Snake:4  | Entered Level 4 of the Snake Pit
  8601 | Snake:4  | Reached skill level 10 in Fighting
  8628 | Snake:4  | Reached XP level 15. HP: 115/115 MP: 18/18
  8764 | Snake:4  | Noticed Kirke
  8765 | Snake:4  | Reached ****** piety under Trog
  8793 | Snake:4  | Killed Kirke
  8793 | Snake:4  | Received a gift from Trog
  9019 | Snake:4  | Noticed a nagaraja
  9138 | Snake:4  | Killed a nagaraja
  9188 | Snake:4  | Noticed a nagaraja
  9199 | Snake:4  | Killed a nagaraja
  9226 | Snake:4  | Reached skill level 25 in Polearms
  9287 | Snake:4  | Received a gift from Trog
  9290 | Snake:4  | Noticed a nagaraja
  9314 | Snake:4  | Reached XP level 16. HP: 127/127 MP: 19/19
  9504 | Snake:4  | Noticed a nagaraja
  9541 | Snake:4  | Killed a nagaraja
  9541 | Snake:4  | Reached skill level 10 in Armour
  9547 | Snake:4  | Killed a nagaraja
  9621 | Snake:4  | Got a serpentine rune of Zot
 10003 | D:13     | Found a basalt altar of Yredelemnul.
 10072 | D:13     | Found a gate to the Vaults.
 10153 | D:15     | Entered Level 15 of the Dungeon
 10237 | D:15     | Found a shimmering altar of Xom.
 10240 | D:15     | Received a gift from Trog
 10377 | D:15     | Found a staircase to the Depths.
 10404 | Depths:1 | Entered Level 1 of the Depths
 10432 | Depths:1 | Noticed a tengu reaver
 10448 | Depths:1 | Killed a tengu reaver
 10479 | Depths:1 | Reached skill level 15 in Dodging
 10517 | Depths:1 | Reached XP level 17. HP: 134/136 MP: 20/20
 10635 | D:15     | Found a sacrificial altar of Ru.
 10868 | Depths:1 | Reached skill level 26 in Polearms
 11047 | Depths:1 | Received a gift from Trog
 11310 | Depths:3 | Found a one-way gate leading to the halls of Pandemonium.
 11345 | Depths:3 | Noticed the Enchantress
 11360 | Depths:3 | Noticed Sojobo
 11365 | Depths:3 | HP: 4/138 [something (19)]
 11365 | Depths:3 | Mangled by the Enchantress

Skill      XL: |  1  2  3  4  5  6  7  8  9 10 11 12 13 14 15 16 17 |
---------------+----------------------------------------------------+-----
Polearms       | 5 6 8 10 12 15 17 19 22 24 25 26 | 26.2
Dodging        | 5 7 8 10 11 13 15 | 15.8
Fighting       | 4 5 6 8 9 10 11 13 | 13.7
Armour         | 1 4 5 7 8 9 10 11 | 11.0
Evocations     | 4 |  4.2
Throwing       | |  2.3

Action                   |  1- 3 |  4- 6 |  7- 9 | 10-12 | 13-15 | 16-18 || total
-------------------------+-------+-------+-------+-------+-------+-------++-------
Melee: Trident           |    41 |   143 |   452 |   802 |    19 |       ||  1457
       Tailslap          |       |       |    10 |       |       |       ||    10
       Glaive            |       |       |       |   200 |       |       ||   200
       Bardiche          |       |       |       |       |   839 |   513 ||  1352
 Fire: Blowgun           |       |       |       |     1 |     2 |       ||     3
Throw: Throwing net      |       |     4 |       |     1 |       |       ||     5
       Javelin           |       |       |       |     2 |       |       ||     2
Invok: Berserk           |       |       |     4 |    10 |    11 |     6 ||    31
       Burn Spellbooks   |       |       |     2 |       |       |       ||     2
       Trog's Hand       |       |       |       |       |     3 |     2 ||     5
Evoke: Wand              |       |       |       |       |     8 |       ||     8
       Fan of gales      |       |       |       |       |     1 |       ||     1
  Use: Potion            |       |       |       |     2 |     2 |     2 ||     6
       Scroll            |       |       |       |    12 |    13 |     9 ||    34
 Stab: Sleeping          |     1 |       |     2 |       |       |       ||     3
       Held in net/web   |       |     4 |       |     1 |       |       ||     5
       Confused          |       |       |       |       |     1 |       ||     1
  Eat: Chunk             |       |     1 |     7 |    17 |    20 |    11 ||    56
       Ration            |       |       |       |     2 |     4 |     2 ||     8
Armor: Ring mail         |    13 |    30 |    70 |    26 |       |       ||   139
       Leather armour    |     2 |       |       |       |       |       ||     2
       Skin              |       |       |       |    39 |       |       ||    39
       Plate armour      |       |       |       |   234 |   561 |   303 ||  1098
Dodge: Dodged            |    15 |    72 |   293 |   614 |   912 |   363 ||  2269
